 Dungeon Crawl Stone Soup version 0.29-a0-409-gd843f3a48c (webtiles) character file.

Game seed: 14296143847022575468

63 holysushi the Grave Robber (level 3, 0/24 HPs)
             Began as a Mummy Necromancer on May 14, 2022.
             Slain by an ufetubus (2 damage)
             ... on level 4 of the Dungeon.
             The game lasted 00:01:44 (1951 turns).

holysushi the Grave Robber (Mummy Necromancer)      Turns: 1951, Time: 00:01:45

Health: 0/24       AC:  2    Str: 11    XL:     3   Next: 89%
Magic:  3/8        EV: 12    Int: 14    God:
Gold:   93         SH:  0    Dex: 14    Spells: 9/10 levels left

rFire   x . .      SeeInvis .   (no weapon)
rCold   + . .      Faith    .   (no shield)
rNeg    + + +      Spirit   .   a - +0 robe
rPois   ∞          Reflect  .   (no helmet)
rElec   .          Harm     .   (no cloak)
rCorr   .          Rampage  .   (no gloves)
Will    .....                   (no boots)
Stlth   ++........              (no amulet)
HPRegen 0.08/turn               (no ring)
MPRegen 0.11/turn               (no ring)

@: no status effects
A: cold resistance 1, negative energy resistance 3, torment resistance 2, heat
vulnerability 1, in touch with death 1, no potions
a: no special abilities


You were on level 4 of the Dungeon.
You visited 1 branch of the dungeon, and saw 3 of its levels.

You collected 93 gold pieces.

Inventory:

Armour
 a - a +0 robe (worn)
Jewellery
 f - an amulet of guardian spirit
Scrolls
 b - a scroll of magic mapping {unknown}
 c - a scroll of blinking {unknown}
 d - a scroll of vulnerability {unknown}
 e - a scroll of acquirement {unknown}


   Skills:
 - Level 1.5 Dodging
 - Level 1.5 Stealth
 + Level 4.2 Spellcasting
 + Level 4.8 Necromancy


You had 9 spell levels left.
You knew the following spells:

 Your Spells              Type           Power      Damage    Failure   Level
a - Pain                  Necr           96%        1d8       2%          1

Your spell library contained the following spells:

 Spells                   Type           Power      Damage    Failure   Level
 Animate Skeleton         Necr           48%        N/A       2%          1
 Vampiric Draining        Necr           24%        2d7       8%          3
 Animate Dead             Necr           12%        N/A       26%         4
 Agony                    Necr           24%        N/A       58%         5


Dungeon Overview and Level Annotations

Branches:
Dungeon (2/15)

Altars:
Cheibriados


Innate Abilities, Weirdness & Mutations

You are immune to poison.
Your flesh is cold resistant. (rC+)
You are immune to negative energy. (rN+++)
You are immune to unholy pain and torment.
You are vulnerable to heat. (rF-)
You are in touch with the powers of death.
You do not drink.


Message History

Aiming: Pain (safe; 3% risk of failure)
Press: ? - help, Shift-Dir - straight line, f - iguana
Aim: an iguana (chance to affect: 87%)
You feel a surge of power!
The iguana writhes in agony!
Casting: Pain (safe; 3% risk of failure)
Confirm with . or Enter, or press ? or * to list all spells.
Aiming: Pain (safe; 3% risk of failure)
Press: ? - help, Shift-Dir - straight line, f/p - iguana
Aim: an iguana (heavily wounded, chance to affect: 87%)
You feel a surge of power!
The iguana writhes in agony!
The iguana bites you!
Ouch! That really hurt!
Casting: Pain (safe; 3% risk of failure)
Confirm with . or Enter, or press ? or * to list all spells.
Aiming: Pain (safe; 3% risk of failure)
Press: ? - help, Shift-Dir - straight line, f/p - iguana
Aim: an iguana (almost dead, chance to affect: 87%)
You feel a surge of power!
The iguana barely resists.
The ufetubus hits you but does no damage.
The ufetubus barely misses you. The iguana barely misses you.
Casting: Pain (safe; 3% risk of failure)
Confirm with . or Enter, or press ? or * to list all spells.
Aiming: Pain (safe; 3% risk of failure)
Press: ? - help, Shift-Dir - straight line, f/p - iguana
Aim: an iguana (almost dead, chance to affect: 87%)
You feel a surge of power!
The iguana writhes in agony.
You kill the iguana!
The ufetubus barely misses you. The ufetubus hits you.
Your Spellcasting skill increases to level 4!
The ufetubus attacks as you move away! The ufetubus closely misses you.
The ufetubus hits you.
* * * LOW HITPOINT WARNING * * *
The ufetubus hits you.
* * * LOW HITPOINT WARNING * * *
The ufetubus closely misses you.
You see here a +0 club.
You see here an amulet of guardian spirit.
Unknown command.
f - an amulet of guardian spirit The ufetubus closely misses you.
The ufetubus hits you.
You die...

#.##.######### #
....)..@5...>##.#
.....##.##.#....#
... ......#.##.#
. ..##.####.# #
... ........# ##
###.###### ...
#.#


You could see an ufetubus.

Vanquished Creatures
  An iguana (D:4)
  An adder (D:2)
  A worm (D:2)
  A dart slug (D:1)
  An orc (D:4)
  2 endoplasms (D:1)
  A giant cockroach (D:1)
  5 goblins (D:1)
  A hobgoblin (D:1)
  A quokka (D:1)
  A ball python (D:1)
  3 bats (D:1)
  A frilled lizard (D:1)
  3 kobolds (D:1)
  A rat (D:1)
24 creatures vanquished.

Notes
Turn   | Place    | Note
-------+----------+-------------------------------------------
     0 | D:1      | holysushi the Mummy Necromancer began the quest for the
                  | Orb.
     0 | D:1      | Reached XP level 1. HP: 13/13 MP: 4/4
   441 | D:1      | Reached XP level 2. HP: 17/19 MP: 1/6
  1077 | D:1      | Found a faded altar of an unknown god.
  1650 | D:2      | Found a snail-covered altar of Cheibriados.
  1683 | D:2      | Gained mutation: You are in touch with the powers of death.
                  | [Mummy growth]
  1683 | D:2      | Reached XP level 3. HP: 23/24 MP: 0/8
  1935 | D:2      | You fall into a shaft and drop 2 floors!
  1951 | D:4      | Slain by an ufetubus

Illustrated notes

Levels and vault maps discovered:
D:1:      dpeg_arrival_concentric_ovals, layout_basic,
          nicolae_ecumenical_lake_church, minivault_27
D:2:      layout_loops_corners, basic_altar
D:4:      layout_basic, mainiacjoe_overflow_catwalk, minmay_starry_boxes,
          uniq_crazy_yiuf_cottage, uniq_duvessa

Skill      XL: |  1  2  3 |
---------------+----------+-----
Spellcasting   | 3 4 |  4.2
Dodging        | |  1.5
Stealth        | |  1.5
Necromancy     | |  4.8

Action                   || total
-------------------------++-------
Melee: Unarmed           ||    14
 Cast: Pain              ||    61
Armor: Robe              ||     2
Dodge: Dodged            ||    26

Table legend: (Time is in decaauts)
 A = Elapsed time spent in this place.
 B = Non-inter-level travel time spent in this place.
 C = Inter-level travel time spent in this place.
 D = Time resting spent in this place.
 E = Time spent auto-exploring this place.
 F = Levels seen in this place.
 G = Mean time per level.
                   A        B        C        D        E       F      G
               +--------+--------+--------+--------+--------+-----+--------+
         Total |   1951 |   1906 |     45 |    507 |   1189 |   3 |  650.3 |
       Dungeon |   1951 |   1906 |     45 |    507 |   1189 |   3 |  650.3 |
               +--------+--------+--------+--------+--------+-----+--------+

Top non-repeatable levels by time:
     D:1: 1620 daAuts
     D:2: 315 daAuts
     D:4: 15 daAuts
